 Dungeon Crawl Stone Soup version 0.30-a0-845-g7c6808c (webtiles) character file.

Game seed: 4821587101454915470

31367 Illumine the Geomancer (level 12, -10/103 HPs)
             Began as a Demigod Earth Elementalist on Mar 2, 2023.
             Mangled by a death yak (17 damage)
             ... on level 4 of the Lair of Beasts.
             The game lasted 00:32:39 (20967 turns).

Illumine the Geomancer (DgEE)                      Turns: 20967, Time: 00:32:40

Health: -10/103    AC:  4    Str:  9    XL:     12   Next: 97%
Magic:  0/34       EV: 16    Int: 39    God:
Gold:   576        SH:  0    Dex: 14    Spells: 4/23 levels left

rFire   . . .      SeeInvis .    b - +0 broad axe (flame)
rCold   . . .      Faith    .    (no shield)
rNeg    . . .      Spirit   .    a - +0 robe
rPois   .          Reflect  .    (no helmet)
rElec   .          Rampage  .    G - +0 cloak
rCorr   .                        (no gloves)
Will    +....                    D - +0 pair of boots
Stlth   +++                      (no amulet)
HPRegen 0.37/turn                Y - +6 ring of intelligence
MPRegen 0.24/turn                Q - ring of magical power

@: no status effects
A: high MP 1, forlorn, divine attributes
a: no special abilities


You were on level 4 of the Lair of Beasts.
You visited 2 branches of the dungeon, and saw 15 of its levels.
You also visited: Sewer and Volcano.

You collected 1080 gold pieces.
You spent 504 gold pieces at shops.

Inventory:

Hand Weapons
 b - a +0 broad axe of flaming (weapon)
 e - a +0 short sword of venom
 K - a +0 scimitar of flaming
 X - the +6 dagger of Eternal War {freeze, *Rage Str+3}
   (You found it on level 3 of the Lair of Beasts)

   Str:       It affects your strength (+3).
   *Rage:     It berserks you when you make melee attacks (+20% chance).
Missiles
 k - 40 poisoned darts (quivered)
 N - a throwing net
Armour
 a - a +0 robe (worn)
 s - a +3 leather armour of fire resistance
 D - a +0 pair of boots (worn)
 G - a +0 cloak (worn)
 L - +0 acid dragon scales
Jewellery
 q - a ring of resist corrosion
 t - a ring of protection from fire
 C - a ring of ice
 J - a ring of wizardry
 Q - a ring of magical power (right hand)
 W - an amulet of the acrobat
 Y - a +6 ring of intelligence (left hand)
 Z - an amulet of guardian spirit
Wands
 x - a wand of flame (12)
 A - a wand of digging (5)
 B - a wand of paralysis (29)
 M - a wand of mindburst (16)
 O - a wand of polymorph (18)
 P - a wand of roots (8)
Scrolls
 c - 5 scrolls of enchant armour
 f - a scroll of amnesia {unknown}
 g - 4 scrolls of brand weapon
 h - 5 scrolls of vulnerability
 j - 4 scrolls of enchant weapon
 l - 5 scrolls of teleportation
 o - 2 scrolls of immolation
 u - a scroll of magic mapping
 w - 2 scrolls of fog {unknown}
 y - a scroll of poison {unknown}
 z - 4 scrolls of blinking
 F - a scroll of silence {unknown}
 R - 2 scrolls of torment
 T - a scroll of butterflies {unknown}
Potions
 d - 9 potions of curing
 i - 2 potions of attraction
 m - a potion of flight {unknown}
 n - 5 potions of might
 p - 3 potions of heal wounds
 r - a potion of ambrosia {unknown}
 v - 2 potions of haste
 E - a potion of resistance {unknown}
 H - a potion of brilliance {unknown}
 I - 3 potions of lignification
 S - 2 potions of cancellation {unknown}
 U - 2 potions of mutation {unknown}
Miscellaneous
 V - a condenser vane


   Skills:
 + Level 8.8 Fighting
 + Level 9.0 Dodging
 + Level 4.6 Stealth
 + Level 6.4 Spellcasting
 + Level 9.6 Conjurations
 - Level 4.0 Hexes
 - Level 4.0 Summonings
 + Level 1.5 Transmutations
 + Level 1.0 Air Magic
 + Level 10.0 Earth Magic
 - Level 2.5 Evocations


You had 4 spell levels left.
You knew the following spells:

 Your Spells              Type           Power      Damage    Failure   Level
a - Sandblast             Erth           100%       2d20      1%          1
b - Stone Arrow           Conj/Erth      100%       3d13      1%          3
c - Summon Guardian Gole  Hex/Summ       43%        N/A       1%          3
d - Iron Shot             Conj/Erth      37%        9d7       8%          6
e - Cigotuvi's Dreadful   Necr/Pois/Air  30%        N/A       3%          2
f - Summon Lightning Spi  Summ/Air       32%        N/A       10%         4

Your spell library contained the following spells:

 Spells                   Type           Power      Damage    Failure   Level
 Slow                     Hex            100%       N/A       1%          1
 Summon Small Mammal      Summ           100%       N/A       1%          1
 Passwall                 Tmut/Erth      45%        N/A       1%          2
 Call Canine Familiar     Summ           43%        N/A       1%          3
 Confusing Touch          Hex            43%        N/A       1%          3
 Animate Armour           Summ/Erth      100%       N/A       1%          4
 Apportation              Tloc           24%        N/A       2%          1
 Necrotise                Necr           48%        1d6       2%          1
 Petrify                  Tmut/Erth      55%        N/A       2%          4
 Inner Flame              Hex/Fire       28%        N/A       3%          3
 Flame Wave               Conj/Fire      50%        2d12      3%          4
 Sticky Flame             Conj/Fire      50%        2d7       3%          4
 Vampiric Draining        Necr           12%        2d6       9%          3
 Airstrike                Air            10%        2d(2-18)  19%         4
 Dispel Undead            Necr           12%        3d9       26%         4
 Lightning Bolt           Conj/Air       26%        1d42      9%          5
 Blade Hands              Tmut           12%        N/A       36%         5
 Death Channel            Necr           6%         N/A       99%         6


Dungeon Overview and Level Annotations

Branches:
Dungeon (11/15)            Temple (0/1) D:4            Lair (4/5) D:9
 Shoals (0/4) Lair:2       Spider (0/4) Lair:2        Sewer (visited)
Volcano (visited)
  Slime: Lair:4-5       Orc: D:9-12

Shops:
D:6 [:   D:10 ?**

Annotations:
D:7 2 transporters


Innate Abilities, Weirdness & Mutations

You have an increased reservoir of magic. (+10% MP)
You shall have no god before yourself.
Your divine heritage dramatically boosts your attributes as you level up.


Message History

The death yak gores your lightning spire!!
Your lightning spire is destroyed!
Your lightning spire disappears in a puff of smoke!
The death yak bellows!
Casting: Stone Arrow (safe; 1% risk of failure)
Confirm with . or Enter, or press ? or * to list all spells.
Aiming: Iron Shot (dangerous; 8% risk of failure)
Press: ? - help, Shift-Dir - straight line, f/p - death yak
Aim: a death yak (almost dead, 91% to hit)
The iron shot hits the death yak!!!
You kill the death yak!
The death yak misses you.
Your Air Magic skill increases to level 1!
Casting: Iron Shot (dangerous; 8% risk of failure)
Confirm with . or Enter, or press ? or * to list all spells.
Aiming: Stone Arrow (safe; 1% risk of failure)
Press: ? - help, Shift-Dir - straight line, f - death yak
Aim: a death yak (heavily wounded, 92% to hit)
The stone arrow hits the death yak!!
The death yak is almost dead.
The death yak gores you!
* * * LOW HITPOINT WARNING * * *
You hit the death yak. You burn the death yak.
The death yak is almost dead.
You hit the death yak. You burn the death yak.
The death yak closely misses you. The death yak misses you.
The death yak closely misses you. x2
The death yak attacks as you move away! The death yak gores you!
* * * LOW HITPOINT WARNING * * *
Casting: Stone Arrow (safe; 1% risk of failure)
Confirm with . or Enter, or press ? or * to list all spells.
Okay, then.
Casting: Stone Arrow (safe; 1% risk of failure)
Confirm with . or Enter, or press ? or * to list all spells.
An electric hum fills the air.
The death yak gores you but does no damage.
The death yak gores you!
* * * LOW HITPOINT WARNING * * *
The death yak attacks as you move away! The death yak gores you!
You die...

.....................
...........>...........(
........................
............#P..........
...........##..........
#.........#P..........
#.8....##............
##.....###...........
#..#@#.####..........
###.YY..##...........
...........##....................
.......... #...†....P............
.........(#...⌠.....#............
.. ...Y..#..........#...........#
... ..Y##......#######........###
...##.#Y..⌠..##.## #....##.#.#
.#.⌠..#........... #P....######


You could see 2 death yaks and a friendly lightning spire (summoned).

Vanquished Creatures
  A red draconian (Volcano)
  3 hydras
  2 boulder beetles
  A centaur warrior (Volcano)
  7 death yaks
  A skyshark (Lair:2)
  4 elephants (Lair:3)
  2 merfolk sirens (Lair:2)
  Joseph (D:7)
  2 black mambas (Lair:3)
  2 molten gargoyles (Volcano)
  4 cane toads
  2 rime drakes
  Maggie (D:7)
  5 komodo dragons
  2 polar bears
  2 merfolk (Lair:2)
  A hornet (D:8)
  8 blink frogs (Lair:2)
  A jumping spider (Lair:2)
  2 shadows (D:11)
  A wraith (D:10)
  A wyvern (Lair:1)
  18 yaks
  A basilisk (Lair:1)
  6 fire bats
  7 water moccasins
  A hell hound (D:11)
  An orc warrior (D:8)
  2 black bears
  An ice beast (D:5)
  5 wolves (Lair:3)
  4 centaurs (Volcano)
  2 phantoms
  4 kobold brigands
  2 gnoll sergeants (D:11)
  2 scorpions
  13 bullfrogs
  14 wights
  14 killer bees
  3 electric eels (Lair:1)
  3 howler monkeys (D:9)
  9 lava snakes
  2 hounds
  6 orc priests
  7 jellies
  A sleepcap (D:5)
  4 iguanas
  5 orc wizards
  2 hell rats (D:9)
  15 adders
  8 gnolls (D:11)
  5 river rats
  A shadow imp (D:8)
  2 white imps
  An ufetubus (D:5)
  3 worms (D:4)
  2 dart slugs
  18 orcs
  9 endoplasms
  7 giant cockroaches
  15 goblins
  7 hobgoblins
  3 jackals (D:4)
  19 kobolds
  6 quokkas
  9 ball pythons
  4 bats
  5 frilled lizards
  16 rats
  3 fire vortices (D:11)
353 creatures vanquished.

Vanquished Creatures (others)
  A two-headed ogre (D:9)
  3 death yaks (D:9)
  2 yaks (D:10)
  A wight (D:10)
  An orc wizard (D:9)
  27 fungi
  13 plants
48 creatures vanquished.

Grand Total: 401 creatures vanquished

Notes
Turn   | Place    | Note
-------+----------+-------------------------------------------
     0 | D:1      | Illumine the Demigod Earth Elementalist began the quest for
                  | the Orb.
     0 | D:1      | Reached XP level 1. HP: 14/14 MP: 5/5
   141 | D:1      | Reached skill level 1 in Transmutations
   317 | D:1      | Reached XP level 2. HP: 18/20 MP: 4/7
   499 | D:1      | Reached skill level 3 in Earth Magic
  1365 | D:2      | Reached XP level 3. HP: 23/26 MP: 2/9
  1623 | D:2      | Learned a level 3 spell: Stone Arrow
  1918 | D:2      | Reached XP level 4. HP: 27/33 MP: 7/11
  2246 | D:3      | Reached skill level 1 in Conjurations
  2362 | D:3      | Reached XP level 5. HP: 38/38 MP: 9/12
  2442 | D:3      | Reached skill level 4 in Earth Magic
  2845 | D:4      | Found a staircase to the Ecumenical Temple.
  2883 | D:4      | Reached XP level 6. HP: 45/45 MP: 11/14
  2900 | D:4      | Found a glowing drain.
  2908 | Sewer    | Entered a sewer
  4228 | D:5      | Entered Level 5 of the Dungeon
  4523 | D:5      | Reached XP level 7. HP: 51/51 MP: 13/16
  4751 | D:5      | Reached skill level 1 in Fighting
  4841 | D:5      | Reached skill level 5 in Earth Magic
  5301 | D:6      | Found Wuth's Armour Shoppe.
  6079 | D:6      | Found Ublargh's Book Shop.
  6159 | D:6      | Reached XP level 8. HP: 61/61 MP: 11/18
  6395 | D:7      | Noticed Joseph
  6400 | D:7      | Killed Joseph
  6578 | D:7      | Found a transporter.
  6578 | D:7      | Noticed a two-headed ogre
  6580 | D:7      | Found a transporter.
  6616 | D:7      | Reached skill level 5 in Conjurations
  6768 | D:7      | Noticed Maggie
  6850 | D:7      | Killed Maggie
  6851 | D:7      | Reached skill level 5 in Spellcasting
  7258 | D:7      | Reached skill level 6 in Earth Magic
  7684 | D:8      | Reached skill level 1 in Evocations
  7818 | D:8      | Noticed a hornet
  7821 | D:8      | Killed a hornet
  7822 | D:8      | Reached XP level 9. HP: 71/71 MP: 10/20
  8821 | D:9      | Noticed a two-headed ogre
  8936 | D:9      | Noticed a death yak
  9094 | D:8      | Learned a level 3 spell: Summon Guardian Golem
  9131 | D:9      | Noticed a death yak
  9382 | D:9      | Killed a two-headed ogre
  9383 | D:9      | Reached skill level 5 in Dodging
  9383 | D:9      | Reached skill level 1 in Hexes
  9383 | D:9      | Reached skill level 1 in Summonings
  9388 | D:9      | Noticed a death yak
  9391 | D:9      | Killed a death yak
  9392 | D:9      | Reached skill level 5 in Fighting
  9398 | D:9      | Killed a death yak
  9399 | D:9      | Reached XP level 10. HP: 71/81 MP: 18/22
  9409 | D:9      | Killed a death yak
  9581 | D:9      | Found a staircase to the Lair.
  9806 | D:10     | Entered Level 10 of the Dungeon
  9806 | D:10     | Found Qahuy's Assorted Antiques.
 10150 | D:10     | Found Ziucry's Magic Scroll Emporium.
 11241 | D:10     | Found Zeonemu's Assorted Antiques.
 12232 | D:11     | Reached XP level 11. HP: 91/91 MP: 20/24
 12350 | D:6      | Bought a book of Iron for 504 gold pieces
 12357 | D:6      | Learned a level 6 spell: Iron Shot
 12459 | Lair:1   | Entered Level 1 of the Lair of Beasts
 12490 | Lair:1   | You fall into a shaft and drop 1 floor!
 12493 | Lair:2   | Reached skill level 7 in Earth Magic
 12496 | Lair:2   | Noticed a death yak
 12496 | Lair:2   | Noticed a death yak
 12496 | Lair:2   | Noticed a death yak
 12509 | Lair:2   | Killed a death yak
 12513 | Lair:2   | Noticed a death yak
 12743 | Lair:1   | Found a dark tunnel.
 12752 | Volcano  | Entered a volcano
 13592 | Volcano  | Noticed a centaur warrior
 13598 | Volcano  | Killed a centaur warrior
 13600 | Volcano  | HP: 4/91 [centaur/arrow (13)]
 13600 | Volcano  | HP: 1/91 [centaur/arrow (3)]
 13865 | Volcano  | Noticed a red draconian
 13871 | Volcano  | HP: 4/91 [red draconian/+0 broad axe of flaming (3)]
 13873 | Volcano  | Killed a red draconian
 14725 | Lair:1   | Reached skill level 8 in Earth Magic
 14780 | Lair:1   | Noticed a boulder beetle
 14792 | Lair:1   | Killed a boulder beetle
 15956 | Lair:2   | Noticed a five-headed hydra
 15961 | Lair:2   | Killed a five-headed hydra
 16380 | Lair:2   | Found a hole to the Spider Nest.
 16478 | Lair:2   | Noticed a skyshark
 16479 | Lair:2   | Reached XP level 12. HP: 20/101 MP: 10/25
 16802 | Lair:2   | Reached skill level 9 in Earth Magic
 17465 | Lair:2   | Found a staircase to the Shoals.
 17974 | Lair:3   | Noticed a boulder beetle
 18341 | Lair:3   | Killed a boulder beetle
 18784 | Lair:3   | Identified the +6 dagger of Eternal War {freeze, *Rage
                  | Str+3}
 20120 | Lair:4   | Noticed a seven-headed hydra
 20128 | Lair:4   | Killed a seven-headed hydra
 20401 | Lair:4   | Learned a level 2 spell: Cigotuvi's Dreadful Rot
 20481 | Lair:4   | Noticed a five-headed hydra
 20493 | Lair:4   | Killed a five-headed hydra
 20835 | Lair:4   | Learned a level 4 spell: Summon Lightning Spire
 20956 | Lair:4   | Reached skill level 10 in Earth Magic
 20963 | Lair:4   | Reached skill level 1 in Air Magic
 20967 | Lair:4   | Mangled by a death yak

Illustrated notes

Levels and vault maps discovered:
D:1:      heliophobic_arrival_dark_side_of_the_moon, layout_basic,
          serial_corexii_hall, corexii_hall_statues_x, chequers_hall_statues_y,
          corexii_hall_statues_i, chequers_hall_statues_corner_a
D:2:      kennysheep_the_goblin_king, layout_basic
D:3:      layout_loops_ring, hellmonk_ecumenical_altar_run_dry
D:4:      nicolae_cairo_tiling_large_dashed, layout_rooms,
          pdpol_temple_overflow_zin_treasury_gozag_greed,
          gup_sewer_entry_bubbles, serial_forest, infiniplex_forest_clump_tiny,
          infiniplex_forest_straight_2, infiniplex_forest_straight_1,
          infiniplex_forest_lined_room_3, infiniplex_forest_clump_tiny,
          nicolae_figureground_pulse
D:5:      layout_rooms, serial_corexii_hall, corexii_hall_statues_l,
          chequers_hall_statues_y, grunt_ministairs_11
D:6:      layout_basic, serial_shops, nicolae_shop_competitors_out_of_business,
          shop
D:7:      gammafunk_beogh_shrine, layout_loops_ring,
          chequers_temple_overflow_statue_of_worship, uniq_joseph, uniq_maggie
D:8:      layout_loops_cross, amcnicky_altar_gilded, cheibrodos_ashenzari_chains
D:9:      layout_rooms, dpeg_lair_monsters
D:10:     layout_basic, serial_shops, nicolae_diamond_shop,
          nicolae_shop_hallway_plus, nicolae_stop_n_shop_2,
          david_defended_altar_orc
D:11:     layout_basic, hangedman_incinerator
Lair:1:   layout_regular_city, lightli_volcano_entry_magma_tube,
          minmay_stone_trees_small, disabler_island
Lair:2:   layout_chaotic_city, elwin_shoals_entry_stream,
          spider_nest_entry_rubble
Lair:3:   layout_layer_cave
Lair:4:   layout_cave_pods, chequers_serial_rivers_micro_b,
          serial_bayou_shore_b, serial_bayou_shore_a, grunt_megastairs_3,
          serial_bayou_shore_b

Skill      XL: |  1  2  3  4  5  6  7  8  9 10 11 12 |
---------------+-------------------------------------+-----
Transmutations | 1 |  1.5
Dodging        | 2 3 4 5 6 7 9 |  9.0
Spellcasting   | 2 3 4 5 6 |  6.4
Earth Magic    | 3 4 5 6 8 10 | 10.0
Conjurations   | 1 2 3 4 5 6 8 9 |  9.6
Fighting       | 2 3 5 6 7 8 |  8.8
Evocations     | 1 2 |  2.5
Hexes          | 2 4 |  4.0
Summonings     | 2 4 |  4.0
Stealth        | 4 |  4.6
Air Magic      | 1 |  1.0

Action                     |  1- 3 |  4- 6 |  7- 9 | 10-12 || total
---------------------------+-------+-------+-------+-------++-------
  Melee: Short sword       |     5 |     1 |     8 |       ||    14
         Scimitar          |       |       |     5 |    21 ||    26
         Punch             |       |       |     1 |     2 ||     3
         Broad axe         |       |       |       |    22 ||    22
  Throw: Dart              |       |       |     1 |       ||     1
   Cast: Sandblast         |    71 |   107 |    29 |    31 ||   238
         Stone Arrow       |       |     6 |   103 |   251 ||   360
         Summon Guardian G |       |       |     6 |     4 ||    10
         Iron Shot         |       |       |       |    84 ||    84
         Summon Lightning  |       |       |       |     2 ||     2
  Evoke: Wand              |       |       |     2 |     9 ||    11
    Use: Potion            |       |     1 |       |     5 ||     6
         Scroll            |       |     6 |     2 |    10 ||    18
 Armour: Robe              |     3 |     3 |     5 |    29 ||    40
         Skin              |       |       |       |     2 ||     2
  Dodge: Dodged            |    27 |    30 |    24 |   179 ||   260

Table legend: (Time is in decaauts)
 A = Elapsed time spent in this place.
 B = Non-inter-level travel time spent in this place.
 C = Inter-level travel time spent in this place.
 D = Time resting spent in this place.
 E = Time spent auto-exploring this place.
 F = Levels seen in this place.
 G = Mean time per level.
                   A        B        C        D        E       F      G
               +--------+--------+--------+--------+--------+-----+--------+
         Total |  21158 |  20275 |    883 |   5321 |  11850 |  17 | 1244.6 |
       Dungeon |  12098 |  11362 |    736 |   1644 |   7883 |  11 | 1099.8 |
          Lair |   7006 |   6859 |    147 |   2699 |   3271 |   4 | 1751.5 |
         Sewer |    554 |    554 |      0 |    102 |    320 |   1 |  554.0 |
       Volcano |   1499 |   1499 |      0 |    875 |    375 |   1 | 1499.0 |
               +--------+--------+--------+--------+--------+-----+--------+

Top non-repeatable levels by time:
  Lair:1: 2550 daAuts
  Lair:3: 2133 daAuts
     D:8: 1642 daAuts
  Lair:2: 1589 daAuts
    D:10: 1507 daAuts
 Volcano: 1499 daAuts
     D:1: 1318 daAuts
     D:7: 1239 daAuts
     D:6: 1083 daAuts
     D:4: 1070 daAuts
    D:11: 945 daAuts
     D:5: 921 daAuts
     D:9: 877 daAuts
     D:3: 759 daAuts
     D:2: 734 daAuts
